 Dungeon Crawl Stone Soup version 0.29-a0-334-gb41bcbb86e (webtiles) character file.

Game seed: 2934249810207385305

205 Hubjo the Digger (level 5, -1/31 HPs)
             Began as a Gargoyle Earth Elementalist on Apr 13, 2022.
             Slain by an iguana (9 damage)
             ... on level 3 of the Dungeon.
             The game lasted 00:06:37 (5155 turns).

Hubjo the Digger (Gargoyle Earth Elementalist)      Turns: 5155, Time: 00:06:37

Health: -1/31      AC:  7    Str: 18    XL:     5   Next: 83%
Magic:  9/9        EV: 11    Int: 17    God:
Gold:   122        SH:  0    Dex: 10    Spells: 3/9 levels left

rFire   . . .      SeeInvis .   e - +1 flail (vorpal)
rCold   . . .      Faith    .   (no shield)
rNeg    + . .      Spirit   .   b - +0 robe
rPois   ∞          Reflect  .   h - +1 hat
rElec   +          Harm     .   (no cloak)
rCorr   .          Rampage  .   (no gloves)
Will    .....                   (no boots)
Stlth   ++........              (no amulet)
HPRegen 0.10/turn               l - +6 ring of strength
MPRegen 0.11/turn               (no ring)

@: no status effects
A: sickness immunity, AC +4, negative energy resistance 1, electricity
resistance, torment resistance 1, petrification resistance
a: no special abilities


You were on level 3 of the Dungeon.
You visited 1 branch of the dungeon, and saw 3 of its levels.

You collected 122 gold pieces.

Inventory:

Hand Weapons
 e - a +1 vorpal flail (weapon)
Missiles
 a - 193 stones
Armour
 b - a +0 robe (worn)
 h - a +1 hat (worn)
Jewellery
 l - a +6 ring of strength (left hand)
 p - a ring of willpower
Wands
 q - a wand of digging (3)
Scrolls
 d - a scroll of brand weapon
 j - a scroll of fog
Potions
 c - a potion of magic
 f - 3 potions of curing
 g - a potion of brilliance
 k - a potion of might {unknown}
 m - 2 potions of degeneration {unknown}
 n - a potion of flight {unknown}


   Skills:
 + Level 2.6 Fighting
 - Level 1.5 Dodging
 + Level 4.1 Stealth
 + Level 2.7 Spellcasting
 * Level 0.0 Summonings
 - Level 1.7 Transmutations
 - Level 4.4 Earth Magic


You had 3 spell levels left.
You knew the following spells:

 Your Spells              Type           Power      Damage    Failure   Level
a - Sandblast             Erth           34%        2d9       2%          1
b - Blink                 Tloc           4%         N/A       26%         2
c - Summon Guardian Gole  Hex/Summ       2%         N/A       47%         3

Your spell library contained the following spells:

 Spells                   Type           Power      Damage    Failure   Level
 Passwall                 Tmut/Erth      10%        N/A       8%          2
 Summon Small Mammal      Summ           8%         N/A       19%         1
 Stone Arrow              Conj/Erth      18%        3d8       22%         3
 Call Canine Familiar     Summ           2%         N/A       47%         3
 Lesser Beckoning         Tloc           2%         N/A       47%         3
 Petrify                  Tmut/Erth      13%        N/A       45%         4
 Manifold Assault         Tloc           2%         N/A       99%         5


Dungeon Overview and Level Annotations

Branches:
Dungeon (3/15)

Altars:


Innate Abilities, Weirdness & Mutations

You are immune to sickness and miasma.
Your stone body is resilient. (AC +4)
You are immune to poison.
You resist negative energy. (rN+)
You are resistant to electric shocks. (rElec)
You are resistant to unholy torment.
You are immune to petrification.


Message History

This spell is quite dangerous to cast!
Memorise Blink, consuming 2 spell levels and leaving 6?
You start memorising the spell.
You continue memorising. x2
You finish memorising.
Spell assigned to 'b'.
This spell is extremely dangerous to cast!
Memorise Summon Guardian Golem, consuming 3 spell levels and leaving 3?
You start memorising the spell.
You continue memorising. x3
You finish memorising.
Spell assigned to 'c'.
The iguana hisses angrily.
The iguana bites you but does no damage.
You closely miss the iguana.
The iguana bites you but does no damage.
You closely miss the iguana. The iguana barely misses you.
You hit the iguana but do no damage. The iguana closely misses you.
The iguana barely misses you.
You closely miss the iguana.
The iguana bites you but does no damage.
You hit the iguana but do no damage. The iguana barely misses you.
The iguana bites you.
You barely miss the iguana. The iguana completely misses you.
You barely miss the iguana. The iguana bites you.
You hit the iguana.
The iguana is lightly wounded.
The iguana bites you!
The iguana bites you but does no damage.
You hit the iguana but do no damage. Your punch misses the iguana.
The iguana is lightly wounded.
The iguana bites you!
* * * LOW HITPOINT WARNING * * *
Casting: Sandblast (safe; 2% risk of failure)
Confirm with . or Enter, or press ? or * to list all spells.
The spell is quite dangerous to miscast (26% risk of failure)!
Continue anyway?
You blink.
As you read the scroll of identify, it crumbles to dust.
j - a scroll of fog You feel stable enough to blink again.
The iguana attacks as you move away!
The iguana bites you but does no damage.
The iguana bites you!
You die...

########
#....@.#
....####l# #
###.#####
#.......#
#.#.###.#
#.#.###.######
#.#..........#
#.#..###.###.#
#.......P..#.#


You could see an iguana.

Vanquished Creatures
  A centaur (D:3)
  4 gnolls (D:2)
  5 adders
  4 bats
  3 endoplasms
  A giant cockroach (D:1)
  8 goblins
  7 hobgoblins
  2 ball pythons (D:2)
  2 frilled lizards
  5 kobolds
  5 rats
47 creatures vanquished.

Vanquished Creatures (others)
  6 plants (D:3)
6 creatures vanquished.

Grand Total: 53 creatures vanquished

Notes
Turn   | Place    | Note
-------+----------+-------------------------------------------
     0 | D:1      | Hubjo the Gargoyle Earth Elementalist began the quest for
                  | the Orb.
     0 | D:1      | Reached XP level 1. HP: 10/10 MP: 3/3
   688 | D:1      | Reached skill level 1 in Transmutations
   711 | D:1      | Reached XP level 2. HP: 12/16 MP: 5/5
  1575 | D:1      | Reached skill level 1 in Fighting
  2147 | D:2      | Reached XP level 3. HP: 18/20 MP: 6/6
  2553 | D:2      | Reached XP level 4. HP: 4/26 MP: 2/7
  4055 | D:2      | Reached XP level 5. HP: 30/31 MP: 8/8
  4168 | D:3      | Found a faded altar of an unknown god.
  4175 | D:3      | Noticed a centaur
  4193 | D:3      | Killed a centaur
  5111 | D:3      | Learned a level 2 spell: Blink
  5115 | D:3      | Learned a level 3 spell: Summon Guardian Golem
  5155 | D:3      | Slain by an iguana

Illustrated notes

Levels and vault maps discovered:
D:1:      shiori_arrival_maze, layout_basic
D:2:      layout_loops_ring
D:3:      cheibrodos_old_hovel, layout_loops_cross,
          ebering_ecumenical_altar_hall

Skill      XL: |  1  2  3  4  5 |
---------------+----------------+-----
Transmutations | 1 |  1.7
Fighting       | 1 2 |  2.6
Stealth        | 3 4 |  4.1
Earth Magic    | 4 |  4.4
Dodging        | |  1.5
Spellcasting   | |  2.7

Action                   |  1- 3 |  4- 6 || total
-------------------------+-------+-------++-------
Melee: Unarmed           |    48 |       ||    48
       Punch             |     2 |       ||     2
       Flail             |    68 |    73 ||   141
 Cast: Sandblast         |     9 |     6 ||    15
       Blink             |       |     1 ||     1
  Use: Scroll            |     2 |     5 ||     7
       Potion            |       |     2 ||     2
 Stab: Sleeping          |     8 |     1 ||     9
Armor: Robe              |    57 |    59 ||   116
Dodge: Dodged            |    78 |    97 ||   175

Table legend: (Time is in decaauts)
 A = Elapsed time spent in this place.
 B = Non-inter-level travel time spent in this place.
 C = Inter-level travel time spent in this place.
 D = Time resting spent in this place.
 E = Time spent auto-exploring this place.
 F = Levels seen in this place.
 G = Mean time per level.
                   A        B        C        D        E       F      G
               +--------+--------+--------+--------+--------+-----+--------+
         Total |   5213 |   4928 |    285 |   1034 |   3119 |   3 | 1737.7 |
       Dungeon |   5213 |   4928 |    285 |   1034 |   3119 |   3 | 1737.7 |
               +--------+--------+--------+--------+--------+-----+--------+

Top non-repeatable levels by time:
     D:1: 2146 daAuts
     D:2: 1934 daAuts
     D:3: 1132 daAuts
